 Dungeon Crawl Stone Soup version 0.23.2-1-ga50397a (webtiles) character file.

Game seed: 15464118200667576043

8178 Charmandara the Spear-Bearer (level 11, -3/75 HPs)
             Began as an Octopode Fighter on Apr 29, 2019.
             Was a Believer of Kikubaaqudgha.
             Slain by a vampire (13 damage)
             ... on level 10 of the Dungeon.
             The game lasted 00:28:06 (10122 turns).

Charmandara the Spear-Bearer (Octopode Fighter)    Turns: 10122, Time: 00:28:07

Health: -3/75      AC:  1    Str: 15    XL:     11   Next: 26%
Magic:  0/11       EV: 13    Int: 14    God:    Kikubaaqudgha [**....]
Gold:   604        SH: 15    Dex: 16    Spells: 5/10 levels left

rFire    . . .     SeeInvis .   a - +1 trident (pierce)
rCold    . . .     Gourm    .   b - +4 shield
rNeg     + . .     Faith    .   (helmet restricted)
rPois    +         Spirit   +   n - amulet of guardian spirit {Spirit}
rElec    .         Reflect  .   o - ring of stealth {Stlth+}
rCorr    +         Harm     .   j - ring of resist corrosion
MR       .....                  s - ring of poison resistance {rPois, !d}
Stlth    ++++++....             u - ring of positive energy {rN+}
HPRegen  0.22/turn              x - +4 ring of dexterity
MPRegen  0.12/turn              (no ring)
                                (no ring)
                                (no ring)

@: about to teleport
A: almost no armour, stealthy swim, amphibious, 8 rings, constrict 8, camouflage
1, gelatinous body 1
a: Receive Corpses, Renounce Religion


You were on level 10 of the Dungeon.
You worshipped Kikubaaqudgha.
Kikubaaqudgha was pleased with you.
You were not hungry.

You visited 2 branches of the dungeon, and saw 11 of its levels.
You also visited: Sewer.

You collected 604 gold pieces.

Inventory:

Hand Weapons
 a - a +1 trident of piercing (weapon)
 t - the +11 long sword of Dishonour {distort, MR+ Int+2, unknown}
   (You found it on level 10 of the Dungeon)

   It warps and distorts space around it.
   Unwielding it can cause banishment or high damage.
   It affects your intelligence (+2).
   It affects your resistance to hostile enchantments.
Missiles
 h - 244 stones (quivered)
 m - 35 poisoned needles
Armour
 b - a +4 shield (worn)
Magical Staves
 i - an uncursed staff of air {rElec}
   (You found it on level 7 of the Dungeon)
Jewellery
 j - a ring of resist corrosion (right tentacle)
   (You found it on level 3 of the Dungeon)
 n - an amulet of guardian spirit (around mantle) {Spirit}
   (You found it on level 1 of the Dungeon)
 o - a ring of stealth (left tentacle) {Stlth+}
   (You took it off an orc on level 3 of the Dungeon)
 p - an uncursed ring of fire {rF+, rC-}
   (You found it on level 2 of the Dungeon)
 s - a ring of poison resistance (on tentacle) {rPois, !d}
   (You found it on level 4 of the Dungeon)
 u - a ring of positive energy (on tentacle) {rN+}
   (You found it on level 5 of the Dungeon)
 x - a +4 ring of dexterity (on tentacle)
   (You found it on level 6 of the Dungeon)
Wands
 f - a wand of digging (4)
   (You found it on level 6 of the Dungeon)
 y - a wand of iceblast (6)
   (You found it on level 6 of the Dungeon)
 F - a wand of acid (3)
   (You found it on level 8 of the Dungeon)
Scrolls
 g - a scroll of blinking {!r}
 w - 4 scrolls of teleportation
 B - 3 scrolls of magic mapping {!r}
 C - 3 scrolls of fog
 G - 2 scrolls of remove curse
Potions
 c - 2 potions of might
 e - a potion of haste
 k - a potion of brilliance
 l - a potion of curing
 q - a potion of cancellation
 r - 4 potions of flight
 v - 2 potions of mutation {!q}
 A - a potion of agility
 E - a potion of magic
Comestibles
 d - 15 rations


   Skills:
 + Level 7.5 Fighting
 * Level 12.8 Polearms
 - Level 3.0 Dodging
 - Level 8.0 Stealth
 + Level 7.5 Shields


You had 5 spell levels left.
You knew the following spells:

 Your Spells              Type           Power        Failure   Level  Hunger
a - Corpse Rot            Necr           N/A          75%         2    ###....
x - Vampiric Draining     Necr           #.........   92%         3    ####...

Your spell library contained the following spells:

 Spells                   Type           Power        Failure   Level  Hunger
 Pain                     Necr           #...         58%         1    ##.....
 Sublimation of Blood     Necr           #.........   75%         2    ###....


Dungeon Overview and Level Annotations

Branches:
Dungeon (10/15)            Temple (1/1) D:4            Lair (0/6) D:10
    Orc: D:9-12

Altars:
Cheibriados
Dithmenos
Fedhas
Gozag
Kikubaaqudgha
Makhleb
Nemelex Xobeh
Okawaru
Sif Muna
Uskayaw
Wu Jian
Xom

Shops:
D:10 :

Annotations:
D:3 1 runed translucent door, SinkTroll22's ghost, amateur DrMo
D:7 exclusion: Harold, Harold


Innate Abilities, Weirdness & Mutations

You cannot wear most types of armour.
You are very stealthy in the water. (Stealth+)
You are amphibious.
You can wear up to eight rings at the same time.
You can use your tentacles to constrict eight enemies at once.
Your skin changes colour to match your surroundings (Stealth+).
Your rubbery body absorbs attacks. (AC +1, EV +1)


Message History

You puncture the killer bee!
You kill the killer bee!
Kikubaaqudgha accepts your kill. You block the killer bee's attack.
The killer bee closely misses you.
You hit the killer bee. You grab the killer bee. You squeeze the killer bee!
You constrict the killer bee. You block the killer bee's attack.
You hit the killer bee but do no damage.
You squeeze the killer bee.
You kill the killer bee!
Kikubaaqudgha accepts your kill.
You see here the troll corpse of Snorg.
You butcher the troll corpse of Snorg.
D - 6 chunks of flesh {@w0} (gained 2)
You see here the troll skeleton of Snorg.
Okay, then.
z - a javelin You feel a little less agile now.
You regained 5 hp, and now have 19/75 hp.
You regained 3 mp, and now have 5/11 mp.
You start resting.
Your magical contamination has completely faded away.
You start resting.
You feel a little less clever now.
You regained 5 hp, and now have 25/75 hp.
You regained 3 mp, and now have 8/11 mp.
You start resting.
A gargoyle comes into view. It is wielding a +0 mace.
You regained 2 hp, and now have 27/75 hp.
There is a stone staircase leading down here.
MP restored: 11 A vampire comes into view.
A jelly comes into view.
You start resting.
A howler monkey comes into view.
The howler monkey howls!
You are too injured to fight recklessly!
You are too injured to fight recklessly!
You are too injured to fight recklessly!
You are too injured to fight recklessly!
Attack whom?
Aim: a howler monkey You reach to attack!
You puncture the howler monkey! You hit the howler monkey.
You grab the howler monkey. You squeeze the howler monkey.
You kill the howler monkey!
Kikubaaqudgha accepts your kill.
You now have 604 gold pieces (gained 12).
H - a potion of heal wounds
m - 35 poisoned needles (gained 8)
You start resting.
Some of the chunks of flesh in your inventory have rotted away.
All of the chunks of flesh in your inventory have rotted away.
You are feeling hungry.
You regained 30 hp, and now have 70/75 hp.
Okay, then.
You eat one of the 16 rations.
That ration really hit the spot!
Okay, then.
Throwing (i - inventory. (/) - cycle)
z - a javelin (quivered)
Aim: a vampire (hasn't noticed you)
You throw a javelin. The javelin hits the vampire.
The vampire casts a spell.
The vampire flickers and vanishes!
Deactivating autopickup; reactivate with Ctrl-A.
Okay, then.
Okay, then.
Okay, then.
You puncture something! You hit something but do no damage.
Your squeeze misses something. Something hits you! Something bites you.
You take 12 damage, and have 60/75 hp.
You now have 10/11 mp.
You miss something. Your squeeze misses something.
You block something's attack. Something barely misses you.
You miss something.
Unholy energy fills the air.
You take 6 damage, and have 55/75 hp.
You now have 9/11 mp.
You closely miss something. You barely miss something. Something hits you.
Something bites you!
Something draws strength from your injuries!
You take 11 damage, and have 44/75 hp.
You now have 7/11 mp.
You hit something. You squeeze something. Something hits you.
Something bites you.
Something draws strength from your injuries!
You take 9 damage, and have 35/75 hp.
You hit something. Something hits you! Something bites you!
* * * LOW HITPOINT WARNING * * *
Something draws strength from your injuries!
You take 19 damage, and have 16/75 hp.
MASSIVE DAMAGE!!
You now have 3/11 mp.
You feel much better. Something hits you! Something bites you!
* * * LOW HITPOINT WARNING * * *
Something draws strength from your injuries!
You regained 4 hp, and now have 20/75 hp.
You now have 1/11 mp.
Okay, then.
As you read the scroll of teleportation, it crumbles to dust.
You feel strangely unstable. Something hits you!
* * * LOW HITPOINT WARNING * * *
Something bites you!
You die...
Kikubaaqudgha rasps: "You have failed me!
Welcome... death!"

############## #............#
#.@########..# #....>...# #.{#
#..# #........# #..# ######..#
#......... .(.. ........######
#.............. ..............
#.......#####.................
#.......# #.................
#.......# #.................
#.<.....# .................


There were no monsters in sight!

Vanquished Creatures
  Snorg (D:10)
  A centaur warrior (D:9)
  A two-headed ogre (D:8)
  Pikel (D:8)
  Psyche (D:8)
  A troll (D:7)
  Prince Ribbit (D:8)
  2 hippogriffs
  A wraith (D:9)
  A hungry ghost (D:8)
  A water moccasin (D:7)
  2 sky beasts (D:9)
  Purgy (Sewer)
  2 ice beasts (D:9)
  A slave (D:8)
  5 ogres
  A phantom (D:9)
  A black bear (D:9)
  5 centaurs
  3 bullfrogs
  A wyvern zombie (D:9)
  A gnoll sergeant (D:8)
  3 scorpions
  9 killer bees
  5 howler monkeys
  3 crimson imps
  A quasit (D:9)
  A bullfrog zombie (D:6)
  3 hounds
  A jelly (D:8)
  5 orc priests
  A bullfrog skeleton (D:9)
  2 centaur skeletons
  5 iguanas
  15 orc wizards
  10 worker ants
  A hound zombie (D:6)
  A worker ant zombie (D:9)
  A howler monkey skeleton (D:7)
  6 adders
  11 gnolls
  2 river rats (D:5)
  An adder zombie (D:6)
  4 worms
  A dart slug (D:1)
  4 leopard geckos
  33 orcs
  4 giant cockroaches
  4 goblins
  7 hobgoblins
  13 jackals
  8 kobolds
  3 quokkas
  3 ball pythons
  10 bats
  8 frilled lizards
  A jackal skeleton (D:7)
  A leopard gecko skeleton (D:5)
  10 rats
  A butterfly (D:4)
237 creatures vanquished.

Notes
Turn   | Place    | Note
-------+----------+-------------------------------------------
     0 | D:1      | Charmandara the Octopode Fighter began the quest for the
                  | Orb.
     0 | D:1      | Reached XP level 1. HP: 16/16 MP: 1/1
   110 | D:1      | Reached XP level 2. HP: 21/21 MP: 2/2
   280 | D:1      | Reached skill level 3 in Polearms
   648 | D:1      | Reached XP level 3. HP: 26/26 MP: 3/3
   924 | D:2      | Reached skill level 4 in Polearms
  1062 | D:2      | Reached XP level 4. HP: 29/31 MP: 4/4
  1103 | D:2      | Found a shimmering altar of Xom.
  1529 | D:2      | Reached skill level 5 in Polearms
  1529 | D:2      | Reached XP level 5. HP: 29/36 MP: 3/5
  2077 | D:3      | HP: 5/36 [orc priest/divine providence (11)]
  2082 | D:3      | HP: 7/36 [orc (2)]
  2376 | D:3      | Found a runed translucent door.
  2379 | D:3      | Noticed SinkTroll22's ghost (amateur DrMo)
  2413 | D:3      | Reached skill level 6 in Polearms
  2682 | D:3      | Reached XP level 6. HP: 42/42 MP: 6/6
  3296 | D:4      | HP: 8/42 [orc wizard/magic dart (7)]
  3299 | D:4      | Reached skill level 7 in Polearms
  3303 | D:4      | HP: 7/42 [something (4)]
  3304 | D:4      | Reached XP level 7. HP: 8/46 MP: 1/7
  3915 | D:4      | Found a staircase to the Ecumenical Temple.
  4125 | D:5      | Entered Level 5 of the Dungeon
  4241 | D:5      | Reached skill level 8 in Polearms
  4288 | D:5      | HP: 9/46 [orc priest/+0 club (3)]
  4476 | D:5      | Reached skill level 9 in Polearms
  4476 | D:5      | Reached XP level 8. HP: 31/52 MP: 8/8
  4494 | D:5      | Found a glowing drain.
  4521 | Sewer    | Entered a sewer
  4545 | Sewer    | Noticed Purgy
  4554 | Sewer    | Killed Purgy
  4554 | Sewer    | Reached skill level 1 in Stealth
  5059 | D:5      | Reached skill level 2 in Stealth
  5402 | D:6      | Reached skill level 3 in Stealth
  5572 | Temple   | Entered the Ecumenical Temple
  5630 | Temple   | Became a worshipper of Kikubaaqudgha
  5962 | D:6      | Reached skill level 4 in Fighting
  5962 | D:6      | Reached skill level 4 in Shields
  6298 | D:7      | Reached skill level 4 in Stealth
  6376 | D:7      | Noticed Harold
  6445 | D:7      | Reached XP level 9. HP: 58/58 MP: 9/9
  6467 | D:7      | Reached skill level 10 in Polearms
  6566 | D:7      | Noticed a troll
  6574 | D:7      | HP: 10/59 [troll (11)]
  6577 | D:7      | Killed a troll
  6865 | D:7      | Reached skill level 5 in Stealth
  6878 | D:7      | Reached * piety under Kikubaaqudgha
  6878 | D:7      | Identified Kikubaaqudgha's Compendium of Evil Rites
                  | (Kikubaaqudgha gifted it to you on level 7 of the Dungeon)
  6878 | D:7      | Received a gift from Kikubaaqudgha
  6890 | D:7      | Learned a level 2 spell: Corpse Rot
  6894 | D:7      | Learned a level 3 spell: Vampiric Draining
  7261 | D:8      | Reached skill level 5 in Shields
  7266 | D:8      | Noticed Pikel
  7299 | D:8      | Killed Pikel
  7299 | D:8      | Reached skill level 5 in Fighting
  7299 | D:8      | Reached skill level 6 in Stealth
  7378 | D:8      | Noticed Prince Ribbit
  7387 | D:8      | Killed Prince Ribbit
  7387 | D:8      | Reached skill level 11 in Polearms
  7495 | D:8      | Reached XP level 10. HP: 41/66 MP: 7/10
  7618 | D:8      | Noticed Psyche
  7628 | D:8      | Killed Psyche
  7628 | D:8      | Reached skill level 7 in Stealth
  7736 | D:8      | Noticed a two-headed ogre
  7744 | D:8      | Killed a two-headed ogre
  7744 | D:8      | Reached skill level 6 in Fighting
  7744 | D:8      | Reached skill level 6 in Shields
  8348 | D:9      | Reached ** piety under Kikubaaqudgha
  8368 | D:9      | Reached skill level 8 in Stealth
  8774 | D:9      | Reached skill level 12 in Polearms
  9062 | D:9      | Noticed a centaur warrior
  9075 | D:9      | HP: 17/69 [bullfrog (1)]
  9078 | D:9      | Killed a centaur warrior
  9078 | D:9      | Reached skill level 7 in Fighting
  9078 | D:9      | Reached skill level 7 in Shields
  9078 | D:9      | Reached XP level 11. HP: 37/75 MP: 2/11
  9727 | D:10     | Entered Level 10 of the Dungeon
  9736 | D:10     | Found Weder's Book Boutique.
  9739 | D:10     | Found a staircase to the Lair.
  9765 | D:10     | Got a warped long sword
  9811 | D:10     | Noticed Snorg
  9824 | D:10     | HP: 7/75 [Snorg (16)]
  9828 | D:10     | Killed Snorg
  9838 | D:10     | HP: 5/75 [killer bee (5)]
 10120 | D:10     | HP: 16/75 [something (9)]
 10122 | D:10     | Slain by a vampire

Skill      XL: |  1  2  3  4  5  6  7  8  9 10 |
---------------+-------------------------------+-----
Polearms       | 3 4 5 6 7 9 11 12 | 12.8
Stealth        | 4 6 8 |  8.0
Fighting       | 4 5 7 |  7.5
Shields        | 4 5 7 |  7.5
Dodging        | |  3.0

Action                   |  1- 3 |  4- 6 |  7- 9 | 10-12 || total
-------------------------+-------+-------+-------+-------++-------
Melee: Trident           |    74 |   113 |   269 |   217 ||   673
       Constrict         |    17 |    24 |    54 |    28 ||   123
       Tentacles         |     4 |    25 |    57 |    48 ||   134
Throw: Stone             |     2 |     4 |       |       ||     6
       Javelin           |     2 |     3 |     6 |     5 ||    16
Evoke: Wand              |       |     8 |    11 |    11 ||    30
  Use: Scroll            |     3 |     8 |    12 |     5 ||    28
       Potion            |       |     2 |     2 |     7 ||    11
 Stab: Sleeping          |     4 |     9 |    15 |    13 ||    41
       Distracted        |       |       |     1 |     1 ||     2
  Eat: Chunk             |     1 |     7 |    10 |     6 ||    24
       Ration            |       |       |     1 |     2 ||     3
Armor: Skin              |     4 |     3 |     3 |     6 ||    16
Dodge: Dodged            |    28 |    22 |    74 |    75 ||   199
Block: Shield            |    26 |    29 |   104 |   121 ||   280

Levels and vault maps discovered:
D:1:      scummos_arrival_star, layout_basic, hangedman_decor_points,
          minmay_cut_off
D:2:      layout_basic, nicolae_overflow_crystal_walls,
          kennysheep_big_empty_room
D:3:      layout_basic, hellmonk_ghost_happy_afterlife, first_ration
D:4:      layout_basic, minmay_temple_entry_butterflies
D:5:      layout_basic, portal_sewer_entry_b
D:6:      layout_loops_ring
D:7:      layout_basic, uniq_harold
D:8:      layout_gridville, uniq_prince_ribbit1, uniq_pikel, uniq_psyche
D:9:      minmay_diamond_stairs, layout_long_grid
D:10:     layout_small_grid, lair_entry_dummy, hiddenorc2_lemuel, serial_shops,
          nicolae_shop_statue_plus, uniq_snorg
Temple:   minmay_crystal_snake_temple
Sewer:    sewer_big_baddie

Table legend:
 A = Turns spent in this place as a percentage of turns spent in the entire game.
 B = Non-inter-level travel turns spent in this place as a percentage of non-inter-level travel turns spent in the entire game.
 C = Inter-level travel turns spent in this place as a percentage of turns spent in this place.
 D = Turns resting spent in this place as a percentage of non-inter-level travel turns spent in this place.
 E = Turns spent auto-exploring this place as a percentage of non-inter-level travel turns spent in this place.
 F = Non-inter-level travel turns spent in this place divided by the number of levels of this place that you've seen.
                   A       B       C       D       E      F
               +-------+-------+-------+-------+-------+----------------------
         Total | 100.0 | 100.0 |   4.5 |  23.7 |  53.2 | 805.7
       Dungeon |  98.1 |  98.5 |   4.1 |  24.0 |  53.1 | 952.7
        Temple |   1.1 |   0.6 |  44.9 |   0.0 |  83.1 |  59.0
         Sewer |   0.8 |   0.8 |   0.0 |   0.0 |  42.7 |  82.0
               +-------+-------+-------+-------+-------+----------------------

Table legend:
 A = Kills in this place as a percentage of kills in entire the game.
 B = Kills by you in this place as a percentage of kills by you in the entire game.
 C = Kills by friends in this place as a percentage of kills by friends in the entire game.
 D = Other kills in this place as a percentage of other kills in the entire game.
 E = Experience gained in this place as a percentage of experience gained in the entire game.
 F = Experience gained in this place divided by the number of levels of this place that you have seen.
                   A       B       C       D       E      F
               +-------+-------+-------+-------+-------+----------------------
         Total | 100.0 | 100.0 |   N/A |   N/A | 100.0 | 973.7
       Dungeon |  97.4 |  97.4 |   N/A |   N/A |  98.8 | 1154.3
         Sewer |   2.6 |   2.6 |   N/A |   N/A |   1.2 | 141.0
               +-------+-------+-------+-------+-------+----------------------
